 Dungeon Crawl Stone Soup version 0.28-a0-1518-gbe868bca14 (webtiles) character file.

Game seed: 7606028269222393110

476 bande the Chopper (level 7, 0/44 HPs)
             Began as a Gargoyle Fighter on Jan 16, 2022.
             Slain by a wyvern (13 damage)
             ... on level 4 of the Dungeon.
             The game lasted 00:05:21 (3151 turns).

bande the Chopper (Gargoyle Fighter)                Turns: 3151, Time: 00:05:22

Health: 0/44       AC: 14    Str: 20    XL:     7   Next: 10%
Magic:  16/16      EV:  7    Int: 14    God:
Gold:   215        SH:  4    Dex: 11    Spells: 6/6 levels left

rFire   . . .      SeeInvis .   a - +1 war axe
rCold   . . .      Faith    .   c - +0 buckler
rNeg    + . .      Spirit   .   h - +0 chain mail
rPois   ∞          Reflect  .   (no helmet)
rElec   +          Harm     .   f - scarf {repulsion}
rCorr   .          Rampage  .   (no gloves)
Will    .....                   (no boots)
Stlth   ..........              (no amulet)
HPRegen 0.14/turn               k - +6 ring of intelligence
MPRegen 0.15/turn               n - ring of magical power

@: repel missiles
A: sickness immunity, AC +4, negative energy resistance 1, electricity
resistance, torment resistance 1, petrification resistance
a: no special abilities


You were on level 4 of the Dungeon.
You visited 1 branch of the dungeon, and saw 4 of its levels.

You collected 215 gold pieces.

Inventory:

Hand Weapons
 a - a +1 war axe (weapon)
 e - a +0 morningstar
Armour
 c - a +0 buckler (worn)
 f - a scarf of repulsion (worn)
 h - a +0 chain mail (worn)
Jewellery
 k - a +6 ring of intelligence (left hand)
 n - a ring of magical power (right hand)
Scrolls
 i - 3 scrolls of teleportation
 l - a scroll of magic mapping {unknown}
Potions
 b - a potion of flight
 d - a potion of might
 g - a potion of haste
 j - a potion of lignification {unknown}
 m - a potion of magic {unknown}


   Skills:
 + Level 4.6 Fighting
 + Level 5.2 Axes
 + Level 4.4 Armour
 + Level 4.2 Shields


You had 6 spell levels left.
You didn't know any spells.
Your spell library contained the following spells:

 Spells                   Type           Power      Damage    Failure   Level
 Magic Dart               Conj           0%         1d3       98%         1
 Searing Ray              Conj           0%         2d4       99%         2
 Fulminant Prism          Conj/Hex       0%         3d6       100%        4


Dungeon Overview and Level Annotations

Branches:
Dungeon (4/15)
 Temple: D:4-7

Altars:


Innate Abilities, Weirdness & Mutations

You are immune to sickness and miasma.
Your stone body is resilient. (AC +4)
You are immune to poison.
You resist negative energy. (rN+)
You are resistant to electric shocks. (rElec)
You are resistant to unholy torment.
You are immune to petrification.


Message History

You hit the wyvern.
The wyvern is lightly wounded.
The wyvern closely misses you.
The wyvern bites you but does no damage.
You barely miss the wyvern.
The wyvern is lightly wounded.
You hit the kobold.
A ball python comes into view.
The wyvern bites you but does no damage.
The kobold hits you but does no damage.
You slash the kobold!
You kill the kobold!
You hit the wyvern.
The wyvern bites you but does no damage.
The wyvern bites you.
You closely miss the wyvern.
The wyvern is lightly wounded.
You slash the ball python!
You kill the ball python!
The wyvern bites you but does no damage. x2
You hit the wyvern but do no damage.
The wyvern is lightly wounded.
The wyvern bites you! The wyvern bites you.
You closely miss the wyvern.
The wyvern is lightly wounded.
The wyvern bites you but does no damage.
The wyvern barely misses you.
You slash the wyvern!
The wyvern is heavily wounded.
The wyvern bites you but does no damage.
The wyvern closely misses you.
You barely miss the wyvern.
The wyvern is heavily wounded.
The wyvern bites you. x2
You slash the wyvern!
The wyvern is severely wounded.
The wyvern bites you!
* * * LOW HITPOINT WARNING * * *
The wyvern bites you!
You die...

############# ##########
#.....l@....###....#....
#..#?#)####.#....#...##.
#..#..†.#.##....†##.
....#.####.##..##....
######..........##..#.
#...#############.
##...# #. #...# ## ....#


You could see a wyvern.

Vanquished Creatures
  A yak (D:4)
  A necrophage (D:4)
  A bullfrog skeleton (D:4)
  Jessica (D:2)
  Terence (D:2)
  8 adders
  2 worms
  7 dart slugs
  2 orcs (D:3)
  9 ball pythons
  10 bats
  9 endoplasms
  4 giant cockroaches
  9 hobgoblins
  6 jackals
  9 kobolds
  A frilled lizard (D:1)
  6 goblins
  3 rats
90 creatures vanquished.

Vanquished Creatures (others)
  A kobold (D:1)
  4 toadstools (D:1)
5 creatures vanquished.

Grand Total: 95 creatures vanquished

Notes
Turn   | Place    | Note
-------+----------+-------------------------------------------
     0 | D:1      | bande the Gargoyle Fighter began the quest for the Orb.
     0 | D:1      | Reached XP level 1. HP: 14/14 MP: 1/1
    45 | D:1      | Reached skill level 2 in Axes
    45 | D:1      | Reached XP level 2. HP: 15/19 MP: 2/2
   260 | D:1      | Reached XP level 3. HP: 23/24 MP: 3/3
   658 | D:2      | Reached XP level 4. HP: 29/29 MP: 4/4
   659 | D:2      | Reached skill level 3 in Axes
  1115 | D:2      | Noticed Jessica
  1123 | D:2      | Killed Jessica
  1124 | D:2      | Reached XP level 5. HP: 19/33 MP: 5/5
  1483 | D:2      | Found a faded altar of an unknown god.
  1531 | D:2      | Noticed Terence
  1537 | D:2      | Killed Terence
  1976 | D:3      | Reached skill level 4 in Axes
  2894 | D:4      | Noticed a necrophage
  2904 | D:4      | Killed a necrophage
  2905 | D:4      | Reached XP level 6. HP: 38/39 MP: 6/6
  2992 | D:4      | Noticed a yak
  3000 | D:4      | Killed a yak
  3001 | D:4      | Reached skill level 5 in Axes
  3001 | D:4      | Reached XP level 7. HP: 42/44 MP: 7/7
  3140 | D:4      | Noticed a wyvern
  3151 | D:4      | Slain by a wyvern

Illustrated notes

Levels and vault maps discovered:
D:1:      ldierk_water_garden, layout_rooms, minmay_pentomino_p4
D:2:      layout_basic, shapermc_ecumenical_altar_hornbeckon,
          minmay_crystal_room, uniq_jessica, uniq_terence
D:3:      layout_loops_ring, nrook_campfire
D:4:      minmay_thinvault, layout_cave_pods, minmay_temple_entry_large_hall,
          nicolae_shop_overcharged_wands, uniq_robin

Skill      XL: |  1  2  3  4  5  6 |
---------------+-------------------+-----
Axes           | 2 3 4 5 |  5.2
Fighting       | 4 |  4.6
Shields        | 4 |  4.2
Armour         | 4 |  4.4

Action                   |  1- 3 |  4- 6 |  7- 9 || total
-------------------------+-------+-------+-------++-------
Melee: War axe           |   107 |   151 |    12 ||   270
  Use: Scroll            |     5 |     3 |       ||     8
Armor: Scale mail        |    85 |    36 |       ||   121
       Chain mail        |       |    46 |    11 ||    57
Dodge: Dodged            |    83 |    66 |     4 ||   153
       Repelled          |     1 |       |       ||     1
Block: Buckler           |    31 |    33 |       ||    64

Table legend: (Time is in decaauts)
 A = Elapsed time spent in this place.
 B = Non-inter-level travel time spent in this place.
 C = Inter-level travel time spent in this place.
 D = Time resting spent in this place.
 E = Time spent auto-exploring this place.
 F = Levels seen in this place.
 G = Mean time per level.
                   A        B        C        D        E       F      G
               +--------+--------+--------+--------+--------+-----+--------+
         Total |   3259 |   3259 |      0 |    692 |   1810 |   4 |  814.8 |
       Dungeon |   3259 |   3259 |      0 |    692 |   1810 |   4 |  814.8 |
               +--------+--------+--------+--------+--------+-----+--------+

Top non-repeatable levels by time:
     D:2: 1355 daAuts
     D:3: 729 daAuts
     D:1: 692 daAuts
     D:4: 483 daAuts
